 Dungeon Crawl Stone Soup version 0.24.0-125-gc4c63601f3 (webtiles) character file.

Game seed: 10175019407243585091, levelgen mode: deterministic

147 Glamhuggeren the Skirmisher (level 5, -8/35 HPs)
             Began as a Gargoyle Fighter on Mar 10, 2020.
             Mangled by an orc warrior
             ... wielding a +0 mace
              (11 damage)
             ... on level 3 of the Dungeon.
             The game lasted 00:09:29 (2050 turns).

Glamhuggeren the Skirmisher (Gargoyle Fighter)      Turns: 2050, Time: 00:09:30

Health: -8/35      AC: 15    Str: 25    XL:     5   Next: 29%
Magic:  5/5        EV:  7    Int:  9    God:
Gold:   155        SH:  9    Dex:  9    Spells: 4/4 levels left

rFire    . . .     SeeInvis .   a - +0 flail
rCold    . . .     Gourm    .   c - +0 shield
rNeg     + . .     Faith    .   b - +0 scale mail
rPois    ∞         Spirit   .   (no helmet)
rElec    +         Reflect  .   r - +2 cloak
rCorr    .         Harm     .   g - +0 pair of gloves (curse)
MR       .....                  (no boots)
Stlth    ..........             (no amulet)
HPRegen  0.11/turn              (no ring)
MPRegen  0.09/turn              (no ring)

@: mighty
A: negative energy resistance 1, electricity resistance, unbreathing,
petrification resistance, rot immunity, AC +4
a: no special abilities


You were on level 3 of the Dungeon.
You were not hungry.

You visited 1 branch of the dungeon, and saw 4 of its levels.

You collected 155 gold pieces.

Inventory:

Hand Weapons
 a - a +0 flail (weapon)
Missiles
 e - 29 stones (quivered)
 l - 23 sling bullets
Armour
 b - a +0 scale mail (worn)
 c - a +0 shield (worn)
 g - a cursed +0 pair of gloves (worn)
 r - a +2 cloak (worn)
Scrolls
 h - a scroll of teleportation {unknown}
 i - 4 scrolls of enchant armour {unknown}
 j - 4 scrolls of identify {unknown}
 k - a scroll of magic mapping {unknown}
 o - a scroll of fear {unknown}
 p - a scroll of blinking {unknown}
 s - a scroll of immolation {unknown}
 t - 2 scrolls of enchant weapon {unknown}
 u - a scroll of random uselessness {unknown}
Potions
 m - 2 potions of degeneration {unknown}
Comestibles
 f - 6 rations
 n - 5 chunks of flesh


   Skills:
 - Level 5.0 Fighting
 + Level 4.1 Maces & Flails
 - Level 3.2 Armour
 - Level 3.2 Shields


You had 4 spell levels left.
You didn't know any spells.
Your spell library was empty.

Dungeon Overview and Level Annotations

Branches:
Dungeon (4/15)
 Temple: D:4-7

Altars:


Innate Abilities, Weirdness & Mutations

You are resistant to torment.
Your stone body is resilient. (AC +4)
You are immune to poison.
You resist negative energy. (rN+)
You are resistant to electric shocks. (rElec)
You can survive without breathing.
You are immune to petrification.
You are immune to rotting.


Message History

The orc warrior is lightly wounded.
You block the orc warrior's attack.
You sock the orc warrior!
The orc warrior is severely wounded.
The orc warrior hits you but does no damage.
You closely miss the orc warrior.
The orc warrior is severely wounded.
You block the orc warrior's attack.
You closely miss the orc warrior.
The orc warrior is severely wounded.
The orc warrior hits you with a +0 mace.
* * * LOW HITPOINT WARNING * * *
You block the orc warrior's attack.
You barely miss the orc warrior.
The orc warrior is severely wounded.
The orc warrior hits you but does no damage.
You closely miss the orc warrior.
The orc warrior is severely wounded.
The orc warrior hits you with a +0 mace!
You die...

#.........>..............
#.....#.######.#.#.######
#.....#........#.#)#
###.#.##########.#.######
#.#.# #.#.#..... #.#÷#
#.#.#..... #.#.#
#.#.#.....
#.##########.#.#.....
#...@o{......#.#.....
#######......#.#.....
.....#...........[..
....#)......##.....
...........##.....
....#.......#####.#
.....#.............. ....
#.............. ....
#..............


You could see an orc warrior.

Vanquished Creatures
  A worker ant (D:2)
  3 adders
  An ooze (D:1)
  4 worms (D:2)
  4 dart slugs
  A leopard gecko (D:2)
  4 orcs (D:3)
  5 bats
  4 giant cockroaches
  6 goblins
  12 hobgoblins
  2 jackals (D:2)
  3 ball pythons
  4 frilled lizards
  6 kobolds
  9 rats
69 creatures vanquished.

Vanquished Creatures (others)
  5 toadstools (D:1)
5 creatures vanquished.

Grand Total: 74 creatures vanquished

Notes
Turn   | Place    | Note
-------+----------+-------------------------------------------
     0 | D:1      | Glamhuggeren the Gargoyle Fighter began the quest for the
                  | Orb.
     0 | D:1      | Reached XP level 1. HP: 14/14 MP: 1/1
    40 | D:1      | Reached XP level 2. HP: 18/20 MP: 2/2
   272 | D:1      | Reached skill level 4 in Fighting
   314 | D:1      | Reached XP level 3. HP: 23/24 MP: 3/3
   959 | D:2      | Reached XP level 4. HP: 17/30 MP: 4/4
  1100 | D:2      | You fall into a shaft and drop 2 floors!
  1352 | D:2      | Reached skill level 5 in Fighting
  1596 | D:2      | Reached XP level 5. HP: 35/35 MP: 5/5
  2026 | D:3      | Noticed an orc warrior
  2050 | D:3      | Mangled by an orc warrior

Levels and vault maps discovered:
D:1:      ldierk_walled_garden, layout_loops_ring
D:2:      layout_rooms, nrook_mini_backslash
D:3:      layout_basic, first_ration
D:4:      layout_gridville, lemuel_crystal_altar, cheibriados_altar_1

Skill      XL: |  1  2  3  4  5 |
---------------+----------------+-----
Fighting       | 4 5 |  5.0
Maces & Flails | 3 4 |  4.1
Armour         | |  3.2
Shields        | |  3.2

Action                   |  1- 3 |  4- 6 || total
-------------------------+-------+-------++-------
Melee: Flail             |   115 |   143 ||   258
  Use: Potion            |       |     3 ||     3
  Eat: Chunk             |       |     4 ||     4
Armor: Scale mail        |    54 |    90 ||   144
Dodge: Dodged            |    34 |    39 ||    73
Block: Shield            |    55 |    68 ||   123
